 Dungeon Crawl Stone Soup version 0.21-a0-39-g28ea6b7 (webtiles) character file.

91 blackwizard the Caller (level 4, -3/40 HPs)
             Began as a Troll Summoner on June 1, 2017.
             Slain by an iguana (13 damage)
             ... on level 4 of the Dungeon.
             The game lasted 00:18:10 (3085 turns).

blackwizard the Caller (Troll Summoner)             Turns: 3085, Time: 00:18:11

Health: -3/40      AC:  5    Str: 16    XL:     4   Next: 34%
Magic:  1/5        EV:  5    Int: 12    God:
Gold:   99         SH:  0    Dex: 10    Spells: 5/6 levels left

rFire    . . .     SeeInvis .   p - +0 mace
rCold    . . .     Gourm    +   (no shield)
rNeg     . . .     Faith    .   a - +0 robe
rPois    .         Spirit   .   (helmet restricted)
rElec    .         Reflect  .   (no cloak)
rCorr    .         Harm     .   (gloves unavailable)
MR       .....                  (boots unavailable)
Stlth    +.........             (no amulet)
Regen    0.6/turn               D - ring of wizardry
MPRegen  0.1/turn               C - -5 ring of evasion (curse)

@: no status effects
A: unfitting armour, claws 3, fast metabolism 3, gourmand, regeneration 1,
shaggy fur 1, tough skin 2
a: no special abilities


You were on level 4 of the Dungeon.
You were hungry.

You visited 1 branch of the dungeon, and saw 3 of its levels.

You collected 99 gold pieces.

Inventory:

Hand Weapons
 c - a +0 hunting sling
 h - a +0 dagger
 l - a +0 quarterstaff
 p - a +0 mace (weapon)
 z - a +0 trident
Missiles
 f - 2 needles of sleeping
 g - 99 stones (quivered)
 i - 38 sling bullets
 n - 62 arrows
 t - 24 bolts
 y - 3 tomahawks
Armour
 a - a +0 robe (worn)
Jewellery
 u - an uncursed ring of protection from fire
 w - an uncursed ring of ice
 C - a cursed -5 ring of evasion (right claw)
 D - a ring of wizardry (left claw)
Scrolls
 e - 5 scrolls of identify {unknown}
 j - a scroll of fog {unknown}
 k - a scroll of immolation {unknown}
 q - a scroll of enchant armour {unknown}
 r - a scroll of teleportation {unknown}
 x - 2 scrolls of amnesia {unknown}
 A - a scroll of magic mapping {unknown}
 B - a scroll of fear {unknown}
Potions
 d - a potion of cancellation {unknown}
 o - a potion of mutation {unknown}
 s - a potion of resistance {unknown}
 v - a potion of haste {unknown}
Books
 b - a book of Callings

   Spells                             Type                      Level
   a - Summon Small Mammal            Summoning                    1
   b - Call Imp                       Summoning                    2
   c - Call Canine Familiar           Summoning                    3
   d - Summon Guardian Golem          Hexes/Summoning              3
   e - Summon Lightning Spire         Summoning/Air                4
   f - Summon Ice Beast               Ice/Summoning                4
 E - a book of Misfortune

   Spells                             Type                      Level
   a - Confusing Touch                Hexes                        1
   b - Confuse                        Hexes                        3
   c - Gell's Gravitas                Translocation                3
   d - Petrify                        Transmutation/Earth          4
   e - Metabolic Englaciation         Hexes/Ice                    5
   f - Yara's Violent Unravelling     Hexes/Transmutation          5


   Skills:
 + Level 0.4 Fighting
 + Level 0.1 Maces & Flails
 + Level 2.7 Dodging
 + Level 1.2 Stealth
 + Level 1.8 Spellcasting
 + Level 3.2 Summonings


You had 5 spell levels left.
You knew the following spells:

 Your Spells              Type           Power        Failure   Level  Hunger
a - Summon Small Mammal   Summ           #...         3%          1    ##.....


Dungeon Overview and Level Annotations

Branches:
Dungeon (2/15)

Altars:
Ashenzari


Innate Abilities, Weirdness & Mutations

You are too large for most types of armour.
You have claws for hands.
Your metabolism is lightning-fast.
You like to eat raw meat.
Your natural rate of healing is unusually fast.
You are covered in fur. (AC +1)
You have very tough skin. (AC +2)


Message History

Your bat hits the iguana but does no damage.
The iguana hisses menacingly.
The iguana barely misses your bat.
Your bat barely misses the iguana.
Your bat closely misses the iguana.
Your rat closely misses the iguana.
Your bat hits the iguana but does no damage.
The iguana barely misses your bat.
You swap places.
Your rat disappears in a puff of smoke!
The iguana bites you!
Your rat bites the iguana.
You hit the iguana but do no damage.
The iguana is severely wounded.
The iguana bites you!
* * * LOW HITPOINT WARNING * * *
Your rat bites the iguana but does no damage.
You hit the iguana.
The iguana is severely wounded.
You are feeling hungry.
The iguana bites you!
You die...

#### #.......######..#
# #...............# #
#####........######.##
###### #............#
#..... .....###
#.#..........# #.....
........
#.#..........# #ยง....
........
#.#..........######.##
###.....
#.##########..........
.....
#...b@lr............##
####
##########......######
.....####.......
######
######################
.....#
#.....................
####.#
#.####################
#.# #.# #.# #.# #.#
#.#


You could see an iguana, a friendly bat and a friendly rat.

Vanquished Creatures
  A hound skeleton (D:4)
  3 adders
  4 worms
  A giant cockroach (D:1)
  4 goblins
  2 hobgoblins
  6 jackals (D:1)
  A kobold (D:1)
  A bat (D:1)
  A frilled lizard (D:2)
24 creatures vanquished.

Vanquished Creatures (collateral kills)
  A howler monkey skeleton (D:4)
  An adder skeleton (D:4)
  2 dart slugs
  3 bats (D:1)
  4 goblins
  5 hobgoblins (D:1)
  4 jackals (D:1)
  2 kobolds (D:1)
  A quokka (D:4)
  A frilled lizard (D:2)
  4 rats
  A plant (D:1)
29 creatures vanquished.

Grand Total: 53 creatures vanquished

Notes
Turn   | Place    | Note
-------+----------+-------------------------------------------
     0 | D:1      | blackwizard the Troll Summoner began the quest for the Orb.
     0 | D:1      | Reached XP level 1. HP: 16/16 MP: 1/1
    76 | D:1      | Reached skill level 3 in Summonings
   119 | D:1      | Found a shattered altar of Ashenzari.
   489 | D:1      | Reached XP level 2. HP: 24/24 MP: 0/3
  1372 | D:1      | Reached XP level 3. HP: 29/31 MP: 4/4
  2240 | D:2      | Paralysed by fainting for 12 turns
  2342 | D:2      | Paralysed by fainting for 10 turns
  2354 | D:2      | Paralysed by fainting for 10 turns
  2690 | D:2      | You fall through a shaft for 2 floors!
  2690 | D:4      | Noticed an ice beast
  2807 | D:4      | Reached XP level 4. HP: 35/40 MP: 1/5
  3085 | D:4      | Slain by an iguana

Vault maps used:
D:1:      lightli_arrival_statuegarden, minmay_liquid_box, minmay_misc_feat_chi,
          ashenzari_altar_1
D:2:      uniq_crazy_yiuf_cottage
D:4:      first_bread

Skill      XL: |  1  2 |
---------------+-------+-----
Summonings     | 3 |  3.2
Dodging        | 2 |  2.7
Fighting       | |  0.4
Maces & Flails | |  0.1
Stealth        | |  1.2
Spellcasting   | |  1.8

Action                   |  1- 3 |  4- 6 || total
-------------------------+-------+-------++-------
Melee: Dagger            |    91 |       ||    91
       Unarmed           |     1 |       ||     1
       Mace              |   150 |    15 ||   165
 Cast: Summon Small Mamm |    72 |    16 ||    88
 Stab: Distracted        |       |     2 ||     2
  Eat: Chunk             |    12 |     1 ||    13
       Bread ration      |     2 |       ||     2
       Meat ration       |     1 |       ||     1
       Royal jelly       |       |     1 ||     1
Armor: Robe              |   247 |     9 ||   256
Dodge: Dodged            |   308 |     3 ||   311
